 Dungeon Crawl Stone Soup version 0.31-a0-355-g57cb03d3e8 (webtiles) character file.

Game seed: 637214952426665445

26695 avis the Apostle (level 13, -12/135 HPs)
             Began as a Hill Orc Monk on July 24, 2023.
             Was a High Priest of Beogh.
             Mangled by an elephant (13 damage)
             ... on level 5 of the Lair of Beasts.
             The game lasted 01:52:13 (18629 turns).

avis the Apostle (Hill Orc Monk)                   Turns: 18629, Time: 01:52:13

Health: -12/135    AC:  9    Str: 30    XL:     13   Next: 27%
Magic:  24/24      EV: 15    Int: 10    God:    Beogh [*****.]
Gold:   885        SH:  0    Dex: 13    Spells: 12/12 levels left

rFire   . .          .
                       - Unarmed
rCold   . . .        W - melded +0 kite shield
rNeg    . . .        P - melded +4 chain mail {rPois}
rPois   .            (helmet currently unavailable)
rElec   .            (cloak currently unavailable)
rCorr   .            (gloves currently unavailable)
SInv    .            (boots currently unavailable)
Will    .....        (no amulet)
Stlth   +            q - +5 ring of evasion
HPRegen 0.42/turn    H - +6 ring of strength
MPRegen 0.19/turn

%: no passive effects
@: snake-form
A: constrict, boosted hp, walk on water, large
a: Begin Untransformation, Renounce Religion, Smiting, Recall Orcish Followers,
Give Item to Named Follower


You were on level 5 of the Lair of Beasts.
You worshipped Beogh.
Beogh was extremely pleased with you.
You were an enormous anaconda.
You visited 3 branches of the dungeon, and saw 16 of its levels.
You also visited: Sewer.

You collected 885 gold pieces.

Inventory:

Hand Weapons
 r - a +3 glaive
Missiles
 M - 2 throwing nets
Armour
 b - +0 acid dragon scales
 P - a +4 chain mail of poison resistance (melded)
 W - a +0 kite shield (melded)
Jewellery
 q - a +5 ring of evasion (left hand)
 H - a +6 ring of strength (right hand)
Talismans
 k - a serpent talisman
 w - a beast talisman
Wands
 a - a wand of flame (10)
 d - a wand of polymorph (4)
 g - a wand of digging (18)
 y - a wand of charming (15)
 z - a wand of roots (5)
Scrolls
 h - a scroll of revelation {unknown}
 j - 2 scrolls of fear
 l - 5 scrolls of blinking
 m - a scroll of brand weapon {unknown}
 n - 2 scrolls of poison {unknown}
 o - 9 scrolls of teleportation
 s - a scroll of identify
 u - a scroll of acquirement {unknown}
 C - a scroll of amnesia {unknown}
 D - a scroll of noise {unknown}
 E - a scroll of butterflies
 G - a scroll of fog {unknown}
Potions
 e - 2 potions of invisibility
 f - 3 potions of brilliance
 i - 2 potions of haste
 t - 4 potions of enlightenment
 x - a potion of berserk rage
 A - 9 potions of magic
 S - 5 potions of curing
Miscellaneous
 c - a piece from Xom's chessboard (15/15)
 p - a box of beasts


   Skills:
 - Level 10.0 Fighting
 - Level 2.4 Dodging
 - Level 10.0 Unarmed Combat
 + Level 14.8 Invocations
 * Level 11.8 Shapeshifting


You had 12 spell levels left.
You didn't know any spells.
Your spell library contained the following spells:

 Spells                   Type           Power      Damage    Failure   Level
 Kiss of Death            Conj/Necr      0%         2d5       36%         1
 Shock                    Conj/Air       0%         1d3       36%         1
 Confusing Touch          Hex            0%         N/A       75%         3
 Swiftness                Air            0%         N/A       75%         3
 Tukima's Dance           Hex            0%         N/A       75%         3
 Airstrike                Air            0%         2d(0-16)  98%         4
 Dispel Undead            Necr           0%         3d6       98%         4
 Passage of Golubria      Tloc           0%         N/A       98%         4
 Alistair's Intoxication  Tmut/Pois      0%         N/A       100%        5
 Borgnjor's Vile Clutch   Necr/Erth      0%         N/A       100%        5
 Silence                  Hex/Air        0%         N/A       100%        5
 Yara's Violent Unravell  Hex/Tmut       0%         3d3       100%        5
 Eringya's Noxious Bog    Tmut/Pois      0%         4d6       100%        6
 Lehudib's Crystal Spear  Conj/Erth      0%         10d2      100%        8


Dungeon Overview and Level Annotations

Branches:
Dungeon (10/15)            Temple (1/1) D:6            Lair (5/5) D:10
 Shoals (0/4) Lair:3       Spider (0/4) Lair:2        Slime (0/5) Lair:5
  Sewer (visited)
    Orc: D:9-12

Altars:
Ashenzari
Cheibriados
Dithmenos
Elyvilon
Fedhas
Gozag
Hepliaklqana
Kikubaaqudgha
Makhleb
Nemelex Xobeh
Okawaru
Qazlal
Ru
Sif Muna
Trog
Uskayaw
Vehumet
Wu Jian
Xom
Yredelemnul
Zin
The Shining One

Shops:
D:2 ?   D:5 *   D:8 :

Annotations:
D:6 1 runed translucent door, petzl's ghost, novice FoDe
D:10 2 transporters, HotCheetoh's ghost, journeyman MiFi
Lair:5 1 runed translucent door


Message History

You kill the blink frog!
Beogh accepts your kill. 2 elephants, a basilisk and a wyvern come into view.
The elephant trumpets! x2; The basilisk hisses angrily.
The wyvern hisses angrily.
You hear a roar!
You lash the elephant!
The elephant is lightly wounded.
The elephant barely misses Oruk.
The elephant trunk-slaps Oruk.
Oruk roars a battlecry!
You lash the elephant!
The elephant is moderately wounded.
The elephant barely misses Oruk.
The elephant trunk-slaps Oruk but does no damage.
Oruk hits the elephant with the +7 halberd of the Purse {holy, rPois rC+++ Will++ Dex-5}!!
You lash the elephant!
The elephant is almost dead.
Oruk hits the elephant from afar with the +7 halberd of the Purse {holy, rPois rC+++ Will++ Dex-5}!!
The elephant dies!
Beogh accepts your kill.
Oruk looks more experienced.
You hit the elephant but do no damage. You hit the elephant but do no damage.
Oruk no longer looks unusually strong.
The elephant tramples you!
* * * LOW HITPOINT WARNING * * *
You stumble backwards!
Oruk hits the elephant with the +7 halberd of the Purse {holy, rPois rC+++ Will++ Dex-5}!
You lash the elephant!
The elephant is moderately wounded.
The elephant tramples you!
* * * LOW HITPOINT WARNING * * *
You hold your ground!
The elephant trunk-slaps you.
* * * LOW HITPOINT WARNING * * *
Oruk completely misses the elephant.
Your orc warrior hits the elephant with a +0 mace!
You body-slam the elephant!!
The elephant is almost dead.
The wyvern closely misses you.
The basilisk bites Oruk.
The elephant tramples you!
You die...

##### ###.P.####
#.#P...SoP.###
#....lYoo.#.##
....###l#.....##
... ...#......#
. #...#o....##
.....##..#..#
.########...## #
#
#.....#..####.#
#........##...#


You could see an elephant (ally target), a basilisk, a wyvern, the friendly Oruk
the orc warlord, a friendly orc knight (strong) and a friendly orc warrior
(strong).

Vanquished Creatures
  A hydra (Lair:5)
  A boulder beetle (Lair:5)
  A fire crab (Lair:5)
  A skyshark (Lair:3)
  An orb spider (Lair:2)
  9 elephants
  A black mamba (Lair:5)
  2 unseen horrors (D:10)
  A rime drake (Lair:5)
  4 cane toads
  A torpor snail (Lair:5)
  8 komodo dragons
  A polar bear (Lair:2)
  A troll (D:10)
  3 blink frogs
  A dream sheep (Lair:5)
  A shadow (D:9)
  3 basilisks
  11 yaks
  2 wyverns
  2 swamp worms (Lair:1)
  A steam dragon (D:7)
  Menkaure (D:7)
  An acid dragon (Lair:5)
  3 water moccasins
  Duvessa (D:5)
  Pargi (Sewer)
  3 ice beasts
  5 orc warriors
  2 black bears
  4 wolves
  3 ogres
  2 phantoms (D:7)
  2 centaurs
  8 bullfrogs
  4 kobold brigands
  A gnoll sergeant (D:7)
  2 scorpions
  Dowan (D:5)
  5 killer bees (D:10)
  3 howler monkeys
  A jelly (D:5)
  4 gnoll boudas
  2 orc priests
  3 hounds (D:6)
  A sleepcap (D:4)
  5 hell rats
  3 iguanas
  5 orc wizards
  23 gnolls
  10 adders
  2 shadow imps (D:7)
  2 white imps (D:7)
  An ufetubus (D:6)
  4 worms
  2 dart slugs
  16 orcs
  7 ball pythons
  5 bats
  5 endoplasms
  3 giant cockroaches
  3 goblins
  6 hobgoblins
  9 jackals
  28 kobolds
  3 quokkas
  3 frilled lizards (Sewer)
  6 rats
271 creatures vanquished.

Vanquished Creatures (collateral kills)
  A two-headed ogre (D:10)
  A lindwurm (Lair:5)
  12 elephants
  3 black mambas
  4 cane toads
  2 rime drakes
  4 komodo dragons
  A polar bear (Lair:5)
  A tyrant leech (Lair:1)
  8 blink frogs
  A snapping turtle (Lair:3)
  2 dream sheep (Lair:5)
  A wyvern (D:10)
  2 basilisks
  A steam dragon (Lair:1)
  7 water moccasins
  A black bear (D:10)
  2 centaurs
  6 wolves (Lair:1)
  A kobold brigand (D:8)
  2 bullfrogs
  A jelly (D:8)
  An orc wizard (D:10)
  3 orcs
  A kobold (D:8)
69 creatures vanquished.

Vanquished Creatures (others)
  An orc warrior (Lair:3)
  An orc priest (D:9)
  4 orcs
  4 kobolds (D:7)
10 creatures vanquished.

Grand Total: 350 creatures vanquished

Notes
Turn   | Place    | Note
-------+----------+-------------------------------------------
     0 | D:1      | avis the Hill Orc Monk began the quest for the Orb.
     0 | D:1      | Reached XP level 1. HP: 19/19 MP: 1/1
    91 | D:1      | Reached XP level 2. HP: 27/27 MP: 2/2
   523 | D:1      | Reached XP level 3. HP: 30/33 MP: 3/3
  1217 | D:2      | Found Gapsitra's Magic Scroll Shop.
  1226 | D:2      | Reached XP level 4. HP: 41/41 MP: 4/4
  1561 | D:2      | Identified the +2 leather armour of Eruegekh {rElec rPois
                  | Str-2 Dex+6}
  1831 | D:3      | Found a shadowy altar of Dithmenos.
  1831 | D:3      | Found a glowing golden altar of the Shining One.
  1975 | D:3      | Reached skill level 5 in Unarmed Combat
  2155 | D:3      | Found a blossoming altar of Fedhas.
  2615 | D:4      | Reached XP level 5. HP: 23/47 MP: 5/5
  2725 | D:4      | Reached skill level 5 in Fighting
  2850 | D:4      | Got the Spellbook of the Peccant Mountains
  2952 | D:4      | Found a glowing drain.
  2962 | Sewer    | Entered a sewer
  2981 | Sewer    | Noticed Pargi
  3003 | Sewer    | Killed Pargi
  3004 | Sewer    | Reached XP level 6. HP: 14/56 MP: 6/6
  4096 | D:5      | Entered Level 5 of the Dungeon
  4096 | D:5      | Noticed Duvessa
  4096 | D:5      | Noticed Dowan
  4096 | D:5      | Noticed a black bear
  4213 | D:5      | Found Zucuab's Assorted Antiques.
  4374 | D:5      | Reached XP level 7. HP: 38/63 MP: 7/7
  4604 | D:5      | Killed Duvessa
  4634 | D:5      | Killed Dowan
  4830 | D:5      | Reached XP level 8. HP: 46/73 MP: 8/8
  5059 | D:5      | Became a worshipper of Beogh the Brigand
  5059 | D:5      | Reached * piety under Beogh
  5059 | D:5      | Reached ** piety under Beogh
  5351 | D:5      | Upgraded the game from 0.31-a0-354-g827e0957a7 to
                  | 0.31-a0-355-g57cb03d3e8
  5385 | D:6      | Found a runed translucent door.
  5386 | D:6      | Noticed petzl's ghost (novice FoDe)
  5501 | D:6      | Reached skill level 1 in Invocations
  5756 | D:6      | Reached skill level 2 in Invocations
  5903 | D:6      | Reached skill level 3 in Invocations
  5924 | D:6      | Reached skill level 10 in Unarmed Combat
  5941 | D:6      | Reached skill level 4 in Invocations
  5941 | D:6      | Reached XP level 9. HP: 34/82 MP: 10/12
  6132 | D:6      | Reached skill level 5 in Invocations
  6258 | D:6      | Reached skill level 6 in Invocations
  6406 | D:6      | Found a staircase to the Ecumenical Temple.
  6414 | Temple   | Entered the Ecumenical Temple
  6779 | D:7      | Identified the +2 flail "Tecum" {heavy, Fragile rC+++ Int+5
                  | Dex-3}
  6888 | D:7      | Found a hazy altar of Hepliaklqana.
  6945 | D:7      | Noticed Menkaure
  6959 | D:7      | Killed Menkaure
  6960 | D:7      | Reached skill level 1 in Shapeshifting
  7201 | D:7      | Found a shimmering altar of Xom.
  7208 | D:7      | Found an iron altar of Okawaru.
  7215 | D:7      | Found a stormy altar of Qazlal.
  7367 | D:7      | Found an ornate altar of the Wu Jian Council.
  7951 | D:7      | Reached *** piety under Beogh
  7952 | D:7      | Reached skill level 10 in Fighting
  7952 | D:7      | Reached skill level 7 in Invocations
  8007 | D:7      | Reached XP level 10. HP: 26/93 MP: 8/15
  8599 | D:7      | Reached skill level 8 in Invocations
  9282 | D:8      | Found Syameuw's Book Boutique.
  9995 | D:9      | Reached skill level 5 in Shapeshifting
  9995 | D:9      | Gained Oruk as an ally
 10431 | D:10     | Entered Level 10 of the Dungeon
 10642 | D:10     | Noticed HotCheetoh's ghost (journeyman MiFi)
 10658 | D:10     | Found a transporter.
 10662 | D:10     | Found a transporter.
 10693 | D:10     | Killed an unseen horror
 10694 | D:10     | Reached skill level 9 in Invocations
 10830 | D:10     | Killed an unseen horror
 11139 | D:10     | Found a burning altar of Makhleb.
 11271 | D:10     | Noticed an elephant
 11272 | D:10     | Found a staircase to the Lair.
 11282 | D:10     | Noticed a two-headed ogre
 11293 | D:10     | Killed an elephant
 11310 | D:10     | Killed a two-headed ogre
 11311 | D:10     | Reached skill level 10 in Invocations
 11311 | D:10     | Reached XP level 11. HP: 27/99 MP: 18/18
 11583 | D:10     | Reached **** piety under Beogh
 11827 | D:10     | Found a snail-covered altar of Cheibriados.
 11874 | D:10     | Found a shimmering blue altar of Sif Muna.
 11917 | D:10     | Found a radiant altar of Vehumet.
 12251 | Lair:1   | Entered Level 1 of the Lair of Beasts
 12486 | Lair:1   | Identified the +7 halberd of the Purse {holy, rPois rC+++
                  | Will++ Dex-5}
 12737 | Lair:1   | Reached skill level 11 in Invocations
 14316 | Lair:2   | Reached skill level 12 in Invocations
 14379 | Lair:2   | Reached XP level 12. HP: 101/103 MP: 21/21
 14449 | Lair:2   | Identified the +3 leather armour of Peek-a-Boo {rF+ Will-
                  | MP+9 Str+6}
 14593 | Lair:2   | Found a hole to the Spider Nest.
 15304 | Lair:2   | Reached ***** piety under Beogh
 15979 | Lair:3   | Reached skill level 10 in Shapeshifting
 16588 | Lair:3   | Found a staircase to the Shoals.
 16595 | Lair:3   | Reached skill level 13 in Invocations
 16740 | Lair:3   | Noticed a skyshark
 16746 | Lair:3   | Killed a skyshark
 18088 | Lair:5   | Entered Level 5 of the Lair of Beasts
 18207 | Lair:5   | Found a runed translucent door.
 18218 | Lair:5   | Reached skill level 14 in Invocations
 18248 | Lair:5   | Found a staircase to the Slime Pits.
 18248 | Lair:5   | Noticed an acid blob
 18281 | Lair:5   | Reached XP level 13. HP: 100/113 MP: 23/23
 18628 | Lair:5   | HP: 5/135 [elephant (16)]
 18628 | Lair:5   | HP: 1/135 [elephant (4)]
 18629 | Lair:5   | Mangled by an elephant

Illustrated notes

Levels and vault maps discovered:
D:1:      minmay_arrival_diagonal_passages, layout_loops_ring
D:2:      layout_loops_cross, serial_shops, shop_statue
D:3:      layout_loops_ring, fedhas_altar_3,
          chequers_temple_overflow_statue_of_worship, nicolae_the_louvre
D:4:      layout_loops_ring, serial_forest, infiniplex_forest_end_3,
          infiniplex_forest_clump_medium, infiniplex_forest_join,
          infiniplex_forest_lined_room_2, infiniplex_forest_lined_4_way,
          infiniplex_forest_end_2, infiniplex_forest_end_3,
          infiniplex_forest_clump_curved, infiniplex_forest_clump_small,
          cheibrodos_sewer_entry_sluice, grunt_decor_resistance
D:5:      layout_loops_corners, serial_shops, nicolae_shop_window_shopping,
          uniq_duvessa
D:6:      minmay_clustersquares, layout_rooms, minmay_temple_entry_tees,
          ebering_ghost_inner_flame
D:7:      layout_loops_ring, mainiacjoe_overflow_paths,
          minmay_overflow_temple_star_quad, mainiacjoe_overflow_small_starburst,
          uniq_menkaure
D:8:      layout_loops_cross, serial_shops, shop
D:9:      layout_roguey, minmay_unpleasant_kobolds
D:10:     layout_loops_corners, kennysheep_mini_moat,
          mainiacjoe_overflow_concentric_impassable,
          mainiacjoe_overflow_two_lobes, david_lair_generic,
          gammafunk_ghost_hive, minivault_1
Temple:   eino_temple_lava
Lair:1:   layout_hall_layers, worms_lemuel
Lair:2:   layout_loops_ring, nicolae_spider_entry_orb_guardian,
          beast_lair_carwin_2
Lair:3:   layout_loops_ring, minmay_shoals_entry_hut
Lair:4:   layout_roguey
Lair:5:   guppyfry_lair_end_dragon, layout_loops_ring, hangedman_lair_in_review,
          slime_entry_2, enter_volcano_2

Skill      XL: |  1  2  3  4  5  6  7  8  9 10 11 12 |
---------------+-------------------------------------+-----
Fighting       | 4 5 6 7 8 10 | 10.0
Unarmed Combat | 4 5 6 7 8 10 | 10.0
Invocations    | 4 7 10 12 14 | 14.8
Shapeshifting  | 3 6 9 11 | 11.8
Dodging        | |  2.4

Action                     |  1- 3 |  4- 6 |  7- 9 | 10-12 | 13-15 || total
---------------------------+-------+-------+-------+-------+-------++-------
  Melee: Unarmed           |   113 |   263 |   299 |   478 |    51 ||  1204
         Flail             |       |    40 |       |       |       ||    40
         Constrict         |       |       |       |    22 |     6 ||    28
  Throw: Dart              |       |     1 |    13 |       |       ||    14
 Invoke: Convert to Beogh  |       |       |     1 |       |       ||     1
         Smiting           |       |       |     2 |     3 |       ||     5
         Recall Orcish Fol |       |       |       |     4 |       ||     4
         Give Item to Name |       |       |       |     1 |       ||     1
         Stop Recall       |       |       |       |     1 |       ||     1
Ability: Begin Untransform |       |       |     2 |     3 |       ||     5
  Evoke: Wand              |       |     1 |       |     2 |       ||     3
         Piece from Xom's  |       |       |       |     7 |       ||     7
    Use: Scroll            |       |       |    10 |     9 |     1 ||    20
         Potion            |       |       |     2 |     6 |       ||     8
   Stab: Distracted        |       |       |       |     2 |     1 ||     3
         Petrified         |       |       |       |     1 |       ||     1
 Armour: Leather armour    |    10 |    59 |     4 |       |       ||    73
         Ring mail         |    24 |     3 |       |       |       ||    27
         Chain mail        |       |       |   113 |   166 |       ||   279
         Skin              |       |       |       |    33 |    11 ||    44
  Dodge: Dodged            |    74 |   178 |   126 |   329 |    48 ||   755
  Block: Kite shield       |       |       |    74 |   187 |       ||   261
   Form: Beast             |       |       |     3 |     2 |       ||     5
         Anaconda          |       |       |       |     2 |       ||     2

Table legend: (Time is in decaauts)
 A = Elapsed time spent in this place.
 B = Non-inter-level travel time spent in this place.
 C = Inter-level travel time spent in this place.
 D = Time resting spent in this place.
 E = Time spent auto-exploring this place.
 F = Levels seen in this place.
 G = Mean time per level.
                   A        B        C        D        E       F      G
               +--------+--------+--------+--------+--------+-----+--------+
         Total |  18631 |  16414 |   2217 |   4094 |   7334 |  17 | 1095.9 |
       Dungeon |  12143 |  10601 |   1542 |   2507 |   4956 |  10 | 1214.3 |
        Temple |     81 |     80 |      1 |      0 |      0 |   1 |   81.0 |
          Lair |   6108 |   5435 |    673 |   1449 |   2377 |   5 | 1221.6 |
         Sewer |    297 |    297 |      0 |    138 |      0 |   1 |  297.0 |
               +--------+--------+--------+--------+--------+-----+--------+

Top non-repeatable levels by time:
  Lair:1: 2304 daAuts
     D:7: 2003 daAuts
    D:10: 1830 daAuts
     D:6: 1482 daAuts
     D:4: 1327 daAuts
  Lair:2: 1317 daAuts
     D:5: 1229 daAuts
     D:1: 1075 daAuts
  Lair:4: 1036 daAuts
  Lair:3: 978 daAuts
     D:9: 889 daAuts
     D:8: 819 daAuts
     D:3: 787 daAuts
     D:2: 697 daAuts
  Lair:5: 471 daAuts
